 Dungeon Crawl Stone Soup version 0.29.1-15-g9cfb28693d (webtiles) character file.

Game seed: 12625507408557260861

11 Ayazi56 the Ducker (level 2, 0/14 HPs)
             Began as a Felid Monk on Apr 13, 2023.
             Was a Priest of Makhleb.
             Frozen to death by an endoplasm (5 damage)
             ... on level 1 of the Dungeon.
             The game lasted 00:02:18 (376 turns).

Ayazi56 the Ducker (Felid Monk)                      Turns: 376, Time: 00:02:18

Health: 0/14       AC:  1    Str:  7    XL:     2   Next: 13%
Magic:  3/3        EV: 19    Int: 17    God:    Makhleb [***...]
Gold:   28         SH:  0    Dex: 18    Spells: 1/1 levels left
                                        Lives:  0   Deaths: 0

rFire   . . .      SeeInvis +     - Unarmed
rCold   . . .      Faith    .   (shield unavailable)
rNeg    . . .      Spirit   .   (body armour unavailable)
rPois   .          Reflect  .   (helmet unavailable)
rElec   .          Harm     .   (cloak unavailable)
rCorr   .          Rampage  .   (gloves unavailable)
Will    .....                   (boots unavailable)
Stlth   ++........              (no amulet)
HPRegen 0.04/turn               f - +6 ring of intelligence
MPRegen 0.08/turn               (no ring)

@: quick
A: very small, claws 1, fangs 3, see invisible, speed 1, shaggy fur 1, stealthy
paws, no weapons or thrown items, no armour, multi-lived
a: Renounce Religion, Minor Destruction, Lesser Servant of Makhleb


You were on level 1 of the Dungeon.
You worshipped Makhleb.
Makhleb was most pleased with you.
You visited 1 branch of the dungeon, and saw 1 of its levels.

You collected 28 gold pieces.

Inventory:

Jewellery
 f - a +6 ring of intelligence (left paw)
Scrolls
 c - a scroll of identify {unknown}
 d - 2 scrolls of enchant weapon {unknown}
 e - a scroll of teleportation {unknown}
Potions
 a - a potion of ambrosia
 b - 2 potions of curing {unknown}


   Skills:
 + Level 3.1 Fighting
 + Level 4.2 Dodging
 + Level 2.9 Stealth
 + Level 3.2 Unarmed Combat


You had one spell level left.
You didn't know any spells.
Your spell library was empty.

Dungeon Overview and Level Annotations

Branches:
Dungeon (1/15)

Altars:
Makhleb


Innate Abilities, Weirdness & Mutations

You have sharp claws.
You have razor-sharp teeth.
You have supernaturally acute eyesight. (SInv)
You cover ground quickly. (Speed+)
You are covered in fur. (AC +1)
Your paws help you pounce on unaware monsters.
You are incapable of wielding weapons or throwing items.
You cannot wear armour.
You gain extra lives every three experience levels.


Message History

The bat is moderately wounded.
The bat hits you. The bat closely misses you.
You see here a hobgoblin corpse.
You claw the bat!
You kill the bat!
Makhleb accepts your kill.
You have reached level 2!
Found a ring mail.
Found a cabochon ring.
A ball python comes into view.
You see here a +0 ring mail.
The ball python hisses angrily.
The ball python misses you. The ball python grabs you.
The ball python constricts you.
You completely miss the ball python.
The ball python bites you but does no damage.
The ball python constricts you.
* * * LOW HITPOINT WARNING * * *
You barely miss the ball python.
You bite the ball python, but do no damage.
The ball python barely misses you. The ball python constricts you.
* * * LOW HITPOINT WARNING * * *
You scratch the ball python.
You kill the ball python!
Makhleb accepts your kill.
You can now summon a lesser servant of Makhleb.
f - a +6 ring of intelligence You feel clever.
f - a +6 ring of intelligence (left paw)
A hobgoblin comes into view.
You pounce on the unaware helpless hobgoblin!
You claw the hobgoblin!
You kill the hobgoblin!
Makhleb accepts your kill.
You see here a hobgoblin corpse.
An endoplasm comes into view.
The endoplasm freezes you.
You are frozen.
You die...

#.##..# #.##..#
#.##..# #.##..#
#.##..# #.##..#
#†##..##########
#.##............
#.......@.#
####.####J# #.#
.# #.# .# #.# .#
#.# .# #.# .#
#.# .#


You could see an endoplasm.

Vanquished Creatures
  A bat (D:1)
  A giant cockroach (D:1)
  2 goblins (D:1)
  2 hobgoblins (D:1)
  A quokka (D:1)
  A ball python (D:1)
  2 frilled lizards (D:1)
10 creatures vanquished.

Notes
Turn   | Place    | Note
-------+----------+-------------------------------------------
     0 | D:1      | Ayazi56 the Felid Monk began the quest for the Orb.
     0 | D:1      | Reached XP level 1. HP: 10/10 MP: 2/2
    47 | D:1      | Found a faded altar of an unknown god.
    63 | D:1      | Prayed at the altar of an unknown god.
    63 | D:1      | Became a worshipper of Makhleb the Destroyer
    63 | D:1      | Reached * piety under Makhleb
    63 | D:1      | Reached ** piety under Makhleb
   298 | D:1      | Reached XP level 2. HP: 6/14 MP: 3/3
   312 | D:1      | Reached *** piety under Makhleb
   376 | D:1      | Frozen to death by an endoplasm

Illustrated notes

Levels and vault maps discovered:
D:1:      dreamdust_arrival_beginning_and_end, layout_basic,
          hellmonk_ecumenical_altar_arch_garden, minmay_split_cup_large

Action                   || total
-------------------------++-------
Melee: Unarmed           ||    25
       Bite              ||     3
 Stab: Sleeping          ||     4
Armor: Skin              ||     1
Dodge: Dodged            ||    14
